 Dungeon Crawl Stone Soup version 0.27.1-34-g3ba077fa99 (webtiles) character file.

Game seed: 3861435705809843338

630 zeram the Covert (level 7, -2/45 HPs)
             Began as an Octopode Brigand on Jan 8, 2022.
             Killed by divine providence
             ... invoked by an orc priest
              (11 damage)
             ... on level 5 of the Dungeon.
             The game lasted 00:07:13 (4491 turns).

zeram the Covert (Octopode Brigand)                 Turns: 4491, Time: 00:07:13

Health: -2/45      AC:  1    Str: 10    XL:     7   Next: 48%
Magic:  7/7        EV: 12    Int: 16    God:
Gold:   1248       SH:  0    Dex: 13    Spells: 6/6 levels left

rFire    . . .     SeeInvis .   a - +3 dagger
rCold    . . .     Faith    .   (no shield)
rNeg     . . .     Spirit   .   (helmet restricted)
rPois    .         Reflect  .   (no amulet)
rElec    .         Harm     .   (no ring)
rCorr    .         Rampage  .   (no ring)
Will     .....                  (no ring)
Stlth    +++.......             (no ring)
HPRegen  0.15/turn              (no ring)
MPRegen  0.10/turn              (no ring)
                                (no ring)
                                (no ring)

@: confused, ambrosia-drunk, hasted, very quick
A: almost no armour, amphibious, 8 rings, camouflage 1, gelatinous body 1,
(nimble swimmer 1), tentacles
a: no special abilities


You were on level 5 of the Dungeon.
You visited 1 branch of the dungeon, and saw 5 of its levels.

You collected 1248 gold pieces.

Inventory:

Hand Weapons
 a - a +3 dagger (weapon)
 n - a +2 whip of electrocution
Missiles
 b - 69 poisoned darts (quivered)
 c - 2 curare-tipped darts
Jewellery
 i - an amulet of regeneration
Scrolls
 e - a scroll of fog
 g - a scroll of enchant armour
Potions
 f - a potion of resistance


   Skills:
 - Level 2.0 Fighting
 - Level 2.0 Short Blades
 - Level 2.0 Throwing
 - Level 1.1 Dodging
 + Level 12.0 Stealth


You had 6 spell levels left.
You didn't know any spells.
Your spell library was empty.

Dungeon Overview and Level Annotations

Branches:
Dungeon (5/15)
 Temple: D:4-7

Altars:
Fedhas

Shops:
D:2 [

Annotations:
D:3 1 runed translucent door, JJisdabomb's ghost, amateur DsAK


Innate Abilities, Weirdness & Mutations

You cannot wear most types of armour.
You are amphibious.
You can wear up to eight rings at the same time.
Your skin changes colour to match your surroundings (Stealth+).
Your rubbery body absorbs attacks. (AC +1, EV +1)
((You are camouflaged near water. (Stealth+)))
You have tentacles for arms and can constrict up to eight enemies at once.


Message History

The gnoll hits you but does no damage.
You bump into the rock wall.
You constrict the iguana. The iguana closely misses you.
You hit the iguana.
The iguana is severely wounded.
You constrict the iguana, but do no damage.
The gnoll hits you with a +0 flail! The iguana barely misses you.
You bump into the rock wall.
You constrict the iguana. The gnoll hits you with a +0 flail!
* * * LOW HITPOINT WARNING * * *
Unknown command.
You are too confused!
Okay, then.
You bump into the rock wall.
You constrict the iguana. The iguana barely misses you.
You bump into the rock wall.
You constrict the iguana.
You kill the iguana!
The gnoll barely misses you.
The gnoll shaman calls upon its god to speed up the gnoll.
The gnoll seems to speed up.
Your Stealth skill increases to level 12!
You closely miss the gnoll. Your squeeze misses the gnoll.
The jackal bites you. The gnoll hits you with a +0 flail.
* * * LOW HITPOINT WARNING * * *
You hit the gnoll but do no damage. The jackal misses you.
An ice beast comes into view.
You hit the gnoll.
The gnoll is moderately wounded.
The gnoll hits you with a +0 flail!
* * * LOW HITPOINT WARNING * * *
The jackal closely misses you.
You miss the gnoll.
The gnoll is moderately wounded.
The jackal completely misses you.
You hit the jackal. Your squeeze misses the jackal.
The jackal is heavily wounded.
The gnoll completely misses you.
The orc priest calls down the wrath of Beogh upon you.
Beogh smites you!
You die... ##... .Y$ ... ggg

... #s# ... #g# ...
. #g# #.# .o #@# #.#
o.. #h# #.#
....#######o# #.#
.....$(..h#o####<###
......{.o.o{o......#
.......h.....###.#.#
........r..#.....#.#
........#....#####.#
...[......#.## #.#


You could see an ice beast, a gnoll shaman, a scorpion, an orc priest, 4 gnolls,
3 orcs and a jackal.

Vanquished Creatures
  Grinder (D:4)
  An ogre (D:4)
  A phantom (D:3)
  A scorpion (D:4)
  A jelly (D:4)
  Jessica (D:2)
  2 iguanas
  A hound skeleton (D:4)
  4 adders
  A dart slug (D:2)
  2 orcs (D:4)
  3 ball pythons
  7 bats
  4 endoplasms
  3 giant cockroaches
  3 goblins
  5 hobgoblins
  6 jackals
  3 quokkas
  4 frilled lizards
  6 kobolds
  3 rats
63 creatures vanquished.

Notes
Turn   | Place    | Note
-------+----------+-------------------------------------------
     0 | D:1      | zeram the Octopode Brigand began the quest for the Orb.
     0 | D:1      | Reached XP level 1. HP: 14/14 MP: 1/1
   384 | D:1      | Reached skill level 6 in Stealth
   384 | D:1      | Reached XP level 2. HP: 16/19 MP: 2/2
   977 | D:2      | Found a blossoming altar of Fedhas.
  1071 | D:2      | Reached XP level 3. HP: 18/24 MP: 3/3
  1207 | D:2      | Reached skill level 7 in Stealth
  1330 | D:2      | Found a faded altar of an unknown god.
  1438 | D:2      | Found Irrimm's Armour Shoppe.
  1768 | D:2      | Noticed Jessica
  1773 | D:2      | Killed Jessica
  1774 | D:2      | Reached XP level 4. HP: 29/29 MP: 4/4
  1801 | D:2      | Identified 2 scrolls of acquirement
  1801 | D:2      | Acquired 773 gold pieces
  1844 | D:3      | Found a runed translucent door.
  1848 | D:3      | Noticed JJisdabomb's ghost (amateur DsAK)
  2050 | D:3      | Reached skill level 8 in Stealth
  2537 | D:4      | Noticed an ogre
  2549 | D:4      | Killed an ogre
  2550 | D:4      | Reached skill level 9 in Stealth
  2550 | D:4      | Reached XP level 5. HP: 34/34 MP: 5/5
  2559 | D:4      | Noticed a phantom
  2576 | D:4      | HP: 1/34 [phantom (8)]
  2773 | D:3      | Acquired 347 gold pieces
  3128 | D:3      | Killed a phantom
  3129 | D:3      | Reached skill level 10 in Stealth
  3129 | D:3      | Reached XP level 6. HP: 26/39 MP: 6/6
  3983 | D:4      | Noticed Grinder
  3988 | D:4      | Killed Grinder
  3989 | D:4      | Reached skill level 11 in Stealth
  3989 | D:4      | Reached XP level 7. HP: 45/45 MP: 7/7
  4446 | D:5      | Entered Level 5 of the Dungeon
  4487 | D:5      | Reached skill level 12 in Stealth
  4491 | D:5      | Killed from afar by an orc priest

Illustrated notes

Levels and vault maps discovered:
D:1:      dpeg_arrival_water_temple_mockup, layout_loops_ring
D:2:      layout_basic, serial_corexii_hall, corexii_hall_statues_t,
          chequers_hall_statues_wall_a, serial_shops, shop, basic_altar,
          shapermc_ecumenical_altar_mp_ritualfount, uniq_jessica
D:3:      layout_loops_ring, gammafunk_ghost_grave, corexii_hall_statues_i,
          corexii_leaking_fountain
D:4:      layout_loops_cross, uniq_grinder
D:5:      layout_loops_ring, minmay_temple_entry_tees, nicolae_specific_store,
          hangedman_abyss_or_decor_lesser_grid

Skill      XL: |  1  2  3  4  5  6  7 |
---------------+----------------------+-----
Stealth        | 6 7 9 10 11 12 | 12.0
Fighting       | |  2.0
Short Blades   | |  2.0
Throwing       | |  2.0
Dodging        | |  1.1

Action                   |  1- 3 |  4- 6 |  7- 9 || total
-------------------------+-------+-------+-------++-------
Melee: Dagger            |    46 |    71 |    30 ||   147
       Constrict         |    10 |     5 |     6 ||    21
       Tentacles         |     4 |     8 |     4 ||    16
  Use: Scroll            |     4 |     3 |     5 ||    12
       Potion            |       |     5 |     2 ||     7
 Stab: Sleeping          |    20 |    12 |     5 ||    37
Armor: Skin              |     4 |     6 |     3 ||    13
Dodge: Dodged            |    17 |    40 |    21 ||    78
